 Dungeon Crawl Stone Soup version 0.29.1-15-g9cfb28693d (webtiles) character file.

Game seed: 14526288679140992894

57 Eitelfritz the Chopper (level 3, -7/30 HPs)
             Began as a Minotaur Gladiator on Mar 10, 2023.
             Mangled by Sigmund
             ... wielding a +0 scythe
              (10 damage)
             ... on level 3 of the Dungeon.
             The game lasted 00:02:39 (2002 turns).

Eitelfritz the Chopper (Minotaur Gladiator)         Turns: 2002, Time: 00:02:40

Health: -7/30      AC:  9    Str: 18    XL:     3   Next: 73%
Magic:  2/2        EV:  8    Int:  7    God:
Gold:   109        SH:  0    Dex: 11    Spells: 2/2 levels left

rFire   . . .      SeeInvis .   a - +0 war axe
rCold   . . .      Faith    .   (no shield)
rNeg    . . .      Spirit   .   m - +0 chain mail
rPois   .          Reflect  .   c - +0 hat
rElec   .          Harm     .   (no cloak)
rCorr   .          Rampage  .   k - +0 pair of gloves
Will    .....                   (no boots)
Stlth   ..........              (no amulet)
HPRegen 0.10/turn               (no ring)
MPRegen 0.08/turn               (no ring)

@: confused
A: horns 2, retaliatory headbutt
a: no special abilities


You were on level 3 of the Dungeon.
You visited 1 branch of the dungeon, and saw 3 of its levels.

You collected 109 gold pieces.

Inventory:

Hand Weapons
 a - a +0 war axe (weapon)
Missiles
 d - 3 throwing nets (quivered)
 e - a javelin
Armour
 c - a +0 hat (worn)
 k - a +0 pair of gloves (worn)
 m - a +0 chain mail (worn)
Jewellery
 b - a ring of magical power
 o - a ring of fire
 s - a ring of magical power
Scrolls
 h - a scroll of teleportation {unknown}
 j - a scroll of silence {unknown}
 p - a scroll of identify {unknown}
 q - a scroll of butterflies {unknown}
 r - a scroll of poison {unknown}
Potions
 f - a potion of berserk rage {unknown}
 g - a potion of heal wounds {unknown}
 i - a potion of attraction {unknown}
 l - a potion of haste {unknown}
 n - a potion of resistance {unknown}


   Skills:
 + Level 2.6 Fighting
 + Level 4.6 Axes
 + Level 2.1 Throwing
 + Level 1.2 Armour
 + Level 4.0 Dodging
 + Level 0.2 Stealth


You had 2 spell levels left.
You didn't know any spells.
Your spell library contained the following spells:

 Spells                   Type           Power      Damage    Failure   Level
 Animate Armour           Summ/Erth      0%         N/A       100%        4
 Blade Hands              Tmut           0%         N/A       100%        5
 Iron Shot                Conj/Erth      0%         9d1       100%        6


Dungeon Overview and Level Annotations

Branches:
Dungeon (3/15)

Altars:

Shops:
D:1 *

Annotations:
D:3 Sigmund


Innate Abilities, Weirdness & Mutations

You have a pair of horns on your head.
You reflexively headbutt those who attack you in melee.


Message History

You hit the hobgoblin.
You kill the hobgoblin!
The adder bites you but does no damage.
You barely miss the adder. Your punch misses the adder.
The adder is heavily wounded.
The adder barely misses you. The adder bites you but does no damage.
You closely miss the adder.
The adder is heavily wounded.
The adder barely misses you. You furiously retaliate!
You headbutt the adder!
You kill the adder!
Sigmund the Dreaded comes into view.
He is wielding a +0 scythe and wearing a +2 robe of willpower.
Sigmund shouts!
Sigmund hits you from afar with a +0 scythe!
You see here an adder corpse.
Sigmund hits you with a +0 scythe!
You see here a hobgoblin corpse.
You hit Sigmund but do no damage. You headbutt Sigmund, but do no damage.
You hit Sigmund.
Sigmund is lightly wounded.
Sigmund closely misses you.
You closely miss Sigmund.
Sigmund is lightly wounded.
Sigmund mumbles some strange words.
Sigmund flickers and vanishes!
Deactivating autopickup; reactivate with Ctrl-A.
You miss something. Your headbutt misses something. Something hits you.
* * * LOW HITPOINT WARNING * * *
Okay, then.
Unknown command.
You miss something. Your headbutt misses something. Something hits you.
* * * LOW HITPOINT WARNING * * *
You closely miss something. You headbutt something.
You hear some strange, mumbled words.
You are confused.
Something hits you but does no damage.
You see here an adder corpse.
You bump into the rock wall.
Something hits you.
* * * LOW HITPOINT WARNING * * *
You're too confused to move!
Something hits you!
You die...

### #.. #... #######
#... #.....#
#...######.....#
###......@.<.....#
#......†............
#......†##.#########
#......[##.#
#..........#
+!.........#
#..........#
#..........#
#..........#


There were no monsters in sight!

Vanquished Creatures
  2 adders
  2 dart slugs
  3 endoplasms
  4 giant cockroaches
  4 goblins
  A hobgoblin (D:3)
  4 jackals
  4 kobolds
  A ball python (D:1)
  2 bats
  2 frilled lizards
  4 rats (D:1)
33 creatures vanquished.

Notes
Turn   | Place    | Note
-------+----------+-------------------------------------------
     0 | D:1      | Eitelfritz the Minotaur Gladiator began the quest for the
                  | Orb.
     0 | D:1      | Reached XP level 1. HP: 18/18 MP: 0/0
    60 | D:1      | Found a faded altar of an unknown god.
   507 | D:1      | Reached XP level 2. HP: 25/25 MP: 1/1
   688 | D:1      | Found Ofrypoef's General Store.
  1086 | D:2      | Reached XP level 3. HP: 29/30 MP: 2/2
  1595 | D:2      | Reached skill level 1 in Armour
  1989 | D:3      | Noticed Sigmund
  2002 | D:3      | Mangled by Sigmund

Illustrated notes

Levels and vault maps discovered:
D:1:      sevenhm_arrival_forest_fort_small_3, layout_loops_ring, serial_shops,
          shop, ebering_ecumenical_altar_sacrificial, minivault_26
D:2:      layout_loops_corners
D:3:      layout_basic, uniq_sigmund, uniq_grinder

Skill      XL: |  1  2  3 |
---------------+----------+-----
Axes           | 4 |  4.6
Dodging        | 4 |  4.0
Armour         | 1 |  1.2
Fighting       | |  2.6
Throwing       | |  2.1
Stealth        | |  0.2

Action                   || total
-------------------------++-------
Melee: War axe           ||    68
       Headbutt          ||    10
 Stab: Sleeping          ||     1
Armor: Leather armour    ||    14
       Chain mail        ||    23
Dodge: Dodged            ||    34
